UAA
RICHLAND RAILS @ DURHAM RAPIERS
08/14/2017
 
TOP OF THE 1ST
Richland Rails batting - Pitching for Durham Rapiers : LHP Jim Unknown
Pitching: LHP Jim Unknown
Batting: RHB José Guerra 0-0: Ball
1-0: Ground out 6-3 (Groundball, 6)
Batting: RHB Larry Brown 0-0: Swinging Strike
0-1: Ball
1-1: Swinging Strike
1-2: SINGLE (Groundball, 5D)
Batting: RHB Miguel Vidro 0-0: SINGLE (Flyball, 9S)
Larry Brown to second
Batting: RHB Gustavo Berrios 0-0: Swinging Strike
0-1: Ball
1-1: Foul Ball, location: 2F
1-2: Strikes out swinging
Batting: SHB Raymond Bright 0-0: Ball
1-0: Fly out, F7 (Flyball, 7LM)
Top of the 1st over - 0 run(s), 2 hit(s), 0 error(s), 2 left on base; Richland 0 - Durham 0
BOTTOM OF THE 1ST
Durham Rapiers batting - Pitching for Richland Rails : LHP Júlio Hernández
Pitching: LHP Júlio Hernández
Batting: RHB Kevin Sanderson 0-0: Ball
1-0: Ball
2-0: Foul Ball, location: 2F
2-1: Swinging Strike
2-2: Foul Ball, location: 2F
2-2: Ball
3-2: Strikes out swinging
Batting: RHB Caleb Lee 0-0: Ball
1-0: Swinging Strike
1-1: Ball
2-1: Swinging Strike
2-2: Strikes out swinging
Batting: RHB Bart Lewis 0-0: Ball
1-0: Called Strike
1-1: Swinging Strike
1-2: Foul Ball, location: 2F
1-2: Ball
2-2: Ground out 5-3 (Groundball, 56)
Bottom of the 1st over - 0 run(s), 0 hit(s), 0 error(s), 0 left on base; Richland 0 - Durham 0
TOP OF THE 2ND
Richland Rails batting - Pitching for Durham Rapiers : LHP Jim Unknown
Batting: RHB Andrew Hall 0-0: Called Strike
0-1: DOUBLE (Line Drive, 7LM)
Batting: SHB Shelby Reusch 0-0: Foul Ball, location: 2F
0-1: Ball
1-1: Foul Ball, location: 2F
1-2: Strikes out swinging
Batting: LHB Valentín Salas 0-0: Ball
1-0: DOUBLE (Groundball, 3L)
Andrew Hall scores
Batting: RHB Jimmy DeWitt 0-0: Ball
1-0: Ball
2-0: Ball
3-0: Called Strike
3-1: Fly out, F9 (Flyball, 89M)
Batting: RHB José Guerra 0-0: Reached on error, E1 (Groundball, 15S)
Valentín Salas scores
Batting: RHB Larry Brown 0-0: Called Strike
0-1: Foul Ball, location: 2F
0-2: Ball
Balk!
José Guerra to third
1-2: Foul Ball, location: 2F
1-2: SINGLE (Line Drive, 6MD)
José Guerra scores
Batting: RHB Miguel Vidro 0-0: Ball
1-0: SINGLE (Line Drive, 34D)
Larry Brown to second
Batting: RHB Gustavo Berrios 0-0: Ball
1-0: Fly out, F8 (Flyball, 8RM)
Top of the 2nd over - 3 run(s), 4 hit(s), 1 error(s), 2 left on base; Richland 3 - Durham 0
BOTTOM OF THE 2ND
Durham Rapiers batting - Pitching for Richland Rails : LHP Júlio Hernández
Batting: LHB Pat McJannett 0-0: Foul Ball, location: 2F
0-1: Called Strike
0-2: Ball
1-2: Ball
2-2: Strikes out looking
Batting: SHB Vernon Thomas 0-0: Swinging Strike
0-1: Ball
1-1: Ball
2-1: SINGLE (Flyball, 8LS)
Batting: SHB Roger Wheeler 0-0: Called Strike
0-1: Called Strike
0-2: SINGLE (Groundball, 56D)
Vernon Thomas to second
Batting: RHB Robby Thomas 0-0: Ball
1-0: Called Strike
Vernon Thomas is caught stealing 3rd base
1-1: Foul Ball, location: 2F
1-2: Strikes out swinging
Bottom of the 2nd over - 0 run(s), 2 hit(s), 0 error(s), 1 left on base; Richland 3 - Durham 0
TOP OF THE 3RD
Richland Rails batting - Pitching for Durham Rapiers : LHP Jim Unknown
Batting: SHB Raymond Bright 0-0: Swinging Strike
0-1: Foul Ball, location: 2F
0-2: Ball
1-2: Foul Ball, location: 2F
1-2: Ball
2-2: Ball
3-2: Ground out 6-3 (Groundball, 6M)
Batting: RHB Andrew Hall 0-0: Called Strike
0-1: Ball
1-1: Ground out 2-3 (Groundball, 2L)
Batting: SHB Shelby Reusch 0-0: Ball
1-0: Called Strike
1-1: Ball
2-1: Foul Ball, location: 2F
2-2: Ball
3-2: Strikes out swinging
Top of the 3rd over - 0 run(s), 0 hit(s), 0 error(s), 0 left on base; Richland 3 - Durham 0
BOTTOM OF THE 3RD
Durham Rapiers batting - Pitching for Richland Rails : LHP Júlio Hernández
Batting: LHB Gonzalo Féliz 0-0: Called Strike
0-1: Swinging Strike
0-2: Ground out 5-3 (Groundball, 56)
Batting: LHB Evan Nelson 0-0: Ball
1-0: Called Strike
1-1: Ball
2-1: DOUBLE (Flyball, 7LM)
Batting: RHB Kevin Sanderson 0-0: Called Strike
0-1: Ball
1-1: Foul Ball, location: 2F
1-2: Ball
2-2: Ground out 3-1 (Groundball, 34)
Evan Nelson to third
Batting: RHB Caleb Lee 0-0: Ball
1-0: Ball
2-0: SINGLE (Line Drive, 89S)
Evan Nelson scores
Batting: RHB Bart Lewis 0-0: Ball
1-0: SINGLE (Line Drive, 7S)
Caleb Lee to second
Batting: LHB Pat McJannett 0-0: Ball
1-0: Ball
2-0: Ball
3-0: Called Strike
3-1: Swinging Strike
3-2: Strikes out swinging
Bottom of the 3rd over - 1 run(s), 3 hit(s), 0 error(s), 2 left on base; Richland 3 - Durham 1
TOP OF THE 4TH
Richland Rails batting - Pitching for Durham Rapiers : LHP Jim Unknown
Batting: LHB Valentín Salas 0-0: Ball
1-0: Called Strike
1-1: Ball
2-1: Foul Ball, location: 2F
2-2: Strikes out swinging
Batting: RHB Jimmy DeWitt 0-0: Foul Ball, location: 2F
0-1: Ball
1-1: Ball
2-1: Reached on error, E6 (Groundball, 6)
Batting: RHB José Guerra 0-0: Swinging Strike
0-1: Ball
1-1: Swinging Strike
1-2: Ground out 6-3 (Groundball, 6M)
Jimmy DeWitt to third
Batting: RHB Larry Brown 0-0: Called Strike
0-1: Ball
1-1: Swinging Strike
1-2: Fly out, F8 (Flyball, 8LM)
Top of the 4th over - 0 run(s), 0 hit(s), 1 error(s), 1 left on base; Richland 3 - Durham 1
BOTTOM OF THE 4TH
Durham Rapiers batting - Pitching for Richland Rails : LHP Júlio Hernández
Batting: SHB Vernon Thomas 0-0: Called Strike
0-1: Foul Ball, location: 2F
0-2: Ball
1-2: Ball
2-2: Ball
3-2: Foul Ball, location: 2F
3-2: Strikes out looking
Batting: SHB Roger Wheeler 0-0: Swinging Strike
0-1: SINGLE (Line Drive, 89M)
Batting: RHB Robby Thomas 0-0: Foul Ball, location: 2F
0-1: Ball
1-1: Ball
2-1: SINGLE (Line Drive, 89S)
Roger Wheeler to second
Batting: LHB Gonzalo Féliz 0-0: Swinging Strike
0-1: Foul Ball, location: 2F
0-2: Strikes out swinging
Batting: LHB Evan Nelson 0-0: Ball
1-0: Called Strike
1-1: Foul Ball, location: 2F
1-2: Strikes out swinging
Bottom of the 4th over - 0 run(s), 2 hit(s), 0 error(s), 2 left on base; Richland 3 - Durham 1
TOP OF THE 5TH
Richland Rails batting - Pitching for Durham Rapiers : LHP Jim Unknown
Batting: RHB Miguel Vidro 0-0: Ball
1-0: Called Strike
1-1: Ball
2-1: Ball
3-1: DOUBLE (Line Drive, 9LM)
Batting: RHB Gustavo Berrios 0-0: Ball
1-0: Called Strike
1-1: Ground out 6-3 (Groundball, 6S)
Miguel Vidro to third
Batting: SHB Raymond Bright 0-0: SINGLE (Line Drive, 8LS)
Miguel Vidro scores
Batting: RHB Andrew Hall 0-0: Swinging Strike
0-1: Foul Ball, location: 2F
0-2: Strikes out looking
Batting: SHB Shelby Reusch 0-0: Foul Ball, location: 2F
0-1: Ball
1-1: Called Strike
1-2: Strikes out swinging
Top of the 5th over - 1 run(s), 2 hit(s), 0 error(s), 1 left on base; Richland 4 - Durham 1
BOTTOM OF THE 5TH
Durham Rapiers batting - Pitching for Richland Rails : LHP Júlio Hernández
Batting: RHB Kevin Sanderson 0-0: Called Strike
0-1: Swinging Strike
0-2: Ball
1-2: Strikes out swinging
Batting: RHB Caleb Lee 0-0: Reached on error, E6 (Groundball, 6S)
Batting: RHB Bart Lewis 0-0: Ball
1-0: Called Strike
1-1: Ball
2-1: SINGLE (Line Drive, 8LS)
Caleb Lee to second
Batting: LHB Pat McJannett 0-0: Swinging Strike
0-1: Ball
1-1: Ball
2-1: Ball
3-1: Fly out, F6 (Popup, 6)
Batting: SHB Vernon Thomas 0-0: Fielders Choice at 2nd, U6 (Groundball, 6M)
Bottom of the 5th over - 0 run(s), 1 hit(s), 1 error(s), 2 left on base; Richland 4 - Durham 1
TOP OF THE 6TH
Richland Rails batting - Pitching for Durham Rapiers : LHP Jim Unknown
Batting: LHB Valentín Salas 0-0: Called Strike
0-1: Ground out 5-3 (Groundball, 15S)
Batting: RHB Jimmy DeWitt 0-0: Fly out, F9 (Line Drive, 9M)
Batting: RHB José Guerra 0-0: Called Strike
0-1: SINGLE (Line Drive, 78S)
Batting: RHB Larry Brown 0-0: Swinging Strike
0-1: Ball
1-1: Foul Ball, location: 2F
1-2: Fly out, F8 (Flyball, 8RM)
Top of the 6th over - 0 run(s), 1 hit(s), 0 error(s), 1 left on base; Richland 4 - Durham 1
BOTTOM OF THE 6TH
Durham Rapiers batting - Pitching for Richland Rails : LHP Júlio Hernández
Batting: SHB Roger Wheeler 0-0: Ball
1-0: Ball
2-0: Called Strike
2-1: Ball
3-1: Called Strike
3-2: DOUBLE (Line Drive, 7LM)
Batting: RHB Robby Thomas 0-0: Called Strike
0-1: SINGLE (Groundball, 5)
Roger Wheeler to third
Batting: LHB Gonzalo Féliz 0-0: Ball
1-0: Foul Ball, location: 2F
1-1: Called Strike
1-2: Fly out, F6 (Popup, 6M)
Batting: LHB Evan Nelson 0-0: Fielders Choice at 2nd, 4-6 (Groundball, 34)
Roger Wheeler scores
Pitching: RHP Eduardo Romero
Batting: RHB Kevin Sanderson 0-0: Ball
1-0: SINGLE (Line Drive, 8LS)
Evan Nelson to second
Batting: RHB Caleb Lee 0-0: Fielders Choice at 2nd, U6 (Groundball, 6M)
Bottom of the 6th over - 1 run(s), 3 hit(s), 0 error(s), 2 left on base; Richland 4 - Durham 2
TOP OF THE 7TH
Richland Rails batting - Pitching for Durham Rapiers : LHP Jim Unknown
Batting: RHB Miguel Vidro 0-0: Fly out, F9 (Flyball, 9S)
Batting: RHB Gustavo Berrios 0-0: Swinging Strike
0-1: Ground out 6-3 (Groundball, 6)
Batting: SHB Raymond Bright 0-0: Called Strike
0-1: Ball
1-1: Ball
2-1: Swinging Strike
2-2: Strikes out looking
Top of the 7th over - 0 run(s), 0 hit(s), 0 error(s), 0 left on base; Richland 4 - Durham 2
BOTTOM OF THE 7TH
Durham Rapiers batting - Pitching for Richland Rails : RHP Eduardo Romero
Batting: RHB Bart Lewis 0-0: Ball
1-0: Called Strike
1-1: DOUBLE (Line Drive, 9LM)
Pitching: LHP Daniel León
Batting: LHB Pat McJannett 0-0: Called Strike
0-1: Ball
1-1: SINGLE (Line Drive, 4D)
Bart Lewis to third
Pitching: LHP José Ortíz
Pinch Hitting: RHB Julián Guzmán 0-0: Ball
1-0: Ball
2-0: Fly out, F7 (Flyball, 7D)
Runner from 3rd tags up, SCORES, no throw
Pinch Hitting: RHB Tim Love 0-0: Ball
1-0: Called Strike
1-1: Ball
2-1: Called Strike
2-2: SINGLE (Flyball, 6MD)
Pat McJannett to second
Batting: RHB Robby Thomas 0-0: Ball
1-0: Ball
2-0: Called Strike
2-1: SINGLE (Flyball, 8RM)
Pat McJannett to third
Tim Love to second
Runner from 3rd tries for Home, SAFE, throw made at trailing runner, OUT at third!
Pinch Hitting: RHB Dewitt Mercer 0-0: Fly out, F7 (Flyball, 7M)
Bottom of the 7th over - 2 run(s), 4 hit(s), 0 error(s), 1 left on base; Richland 4 - Durham 4
TOP OF THE 8TH
Richland Rails batting - Pitching for Durham Rapiers : LHP Jim Unknown
Now at 2B: Tim Love
Now at 3B: Allen George
Now in CF: Scott Martin
Pinch Hitting: SHB Jim Unknown 0-0: Ball
1-0: Ball
2-0: Ball
3-0: Base on Balls
Pitching: LHP Ron Anderson
Pinch Hitting: RHB Steffen Taylor 0-0: Sac Bunt - play at first, batter OUT! 1-4
Jim Unknown to second
Batting: LHB Valentín Salas 0-0: Ball
1-0: Ball
2-0: Swinging Strike
2-1: Foul Ball, location: 2F
2-2: Ball
3-2: Foul Ball, location: 2F
3-2: Base on Balls
Batting: RHB Jimmy DeWitt 0-0: Ball
1-0: Swinging Strike
1-1: Ball
2-1: Ball
3-1: Called Strike
3-2: Foul Ball, location: 2F
3-2: Strikes out swinging
Batting: RHB José Guerra 0-0: Ball
1-0: Ball
2-0: Called Strike
2-1: Called Strike
2-2: Strikes out looking
Top of the 8th over - 0 run(s), 0 hit(s), 0 error(s), 2 left on base; Richland 4 - Durham 4
BOTTOM OF THE 8TH
Durham Rapiers batting - Pitching for Richland Rails : LHP José Ortíz
Now at 3B: Jim Unknown
Batting: LHB Evan Nelson 0-0: Called Strike
Now at 3B: Steffen Taylor 0-1: Called Strike
0-2: SINGLE (Groundball, 4MD) (infield hit)
Batting: RHB Kevin Sanderson 0-0: Sac Bunt - play at first, batter safe!
Evan Nelson to second
Pinch Hitting: RHB Steve Patrick 0-0: Called Strike
0-1: Ball
Evan Nelson steals 3rd base
1-1: Ball
2-1: Foul Ball, location: 2F
2-2: Ball
3-2: Base on Balls
Kevin Sanderson to second
Batting: RHB Bart Lewis 0-0: Ball
1-0: Called Strike
1-1: Ball
2-1: Swinging Strike
2-2: Foul Ball, location: 2F
2-2: SINGLE (Line Drive, 6D)
Evan Nelson scores
Kevin Sanderson to third
Steve Patrick to second
Batting: LHB Pat McJannett 0-0: Called Strike
0-1: Called Strike
0-2: Ball
1-2: Strikes out swinging
Batting: LHB Scott Martin 0-0: Ball
1-0: Ball
2-0: Foul Ball, location: 2F
2-1: Hit by Pitch
Kevin Sanderson scores
Steve Patrick to third
Bart Lewis to second
Pitching: RHP Jim Unknown
Pinch Hitting: LHB Roberto Gallegos 0-0: Foul Ball, location: 2F
0-1: Ball
1-1: Fly out, F3 (Flyball, 3SF)
Batting: RHB Robby Thomas 0-0: Ball
1-0: Called Strike
1-1: Fly out, F8 (Flyball, 8LS)
Bottom of the 8th over - 2 run(s), 3 hit(s), 0 error(s), 3 left on base; Richland 4 - Durham 6
TOP OF THE 9TH
Richland Rails batting - Pitching for Durham Rapiers : LHP Ron Anderson
Pitching: RHP Eduardo Bravo
Now at C: Ray Whittier
Now at 3B: Ramiro Delgado
Now in LF: Steve Patrick
Batting: RHB Larry Brown 0-0: Ball
1-0: Ground out 2-3 (Groundball, 23)
Batting: RHB Miguel Vidro 0-0: SINGLE (Groundball, 25) (infield hit)
Pinch Hitting: LHB George Huffman 0-0: Ball
1-0: Ball
2-0: Ball
3-0: Called Strike
3-1: Foul Ball, location: 2F
3-2: DOUBLE (Line Drive, 7D)
Miguel Vidro to third
Pinch Hitting: RHB Roger Osborne 0-0: Called Strike
0-1: Ball
1-1: Ball
2-1: Foul Ball, location: 2F
2-2: Strikes out swinging
Batting: SHB Jim Unknown 0-0: Foul Ball, location: 2F
0-1: Ball
1-1: Swinging Strike
1-2: Strikes out swinging
Top of the 9th over - 0 run(s), 2 hit(s), 0 error(s), 2 left on base; Richland 4 - Durham 6
This league is powered by Out of the Park Baseball, the baseball management simulation game for PC, Mac and Linux
Saturday, February 27th, 2021 - OOTP Baseball 15.6 Build 34